 Dungeon Crawl Stone Soup version 0.17-a0-1636-g3119f2b (webtiles) character file.

90 urechis the Grave Robber (level 4, 0/21 HPs)
             Began as a Vine Stalker Necromancer on Aug 6, 2015.
             Slain by Robin
             ... wielding a +5 short sword of draining
              (2 damage)
             ... on level 3 of the Dungeon.
             The game lasted 00:06:05 (2143 turns).

urechis the Grave Robber (Vine Stalker Necromancer) Turns: 2143, Time: 00:06:05

Health: 0/21       AC:  3    Str: 10    XL:     4   Next: 56%
Magic:  0/8        EV: 11    Int: 16    God:
Gold:   136        SH:  0    Dex: 17    Spells: 2 memorised, 5 levels left

rFire  . . .     SeeInvis .     d - +0 spear
rCold  . . .     Clarity  .     a - +0 robe
rNeg   . . .     SustAt   .     (no shield)
rPois  .         Gourm    .     (no helmet)
rElec  .         Spirit   +     v - +0 cloak
rCorr  .         Warding  .     (no gloves)
rMut   .         Rnd*Tele +     (no boots)
MR     .....                    (no amulet)
Stlth  ++........               r - ring of teleportation (curse)
                                i - +2 ring of dexterity

@: drained, not resistant to hostile enchantments, unstealthy
A: fangs 2, regeneration 1, magic shield, antimagic bite, no device heal 3, rot
immunity
a: Evoke Teleportation


You were on level 3 of the Dungeon.
You were not hungry.

You visited 1 branch of the dungeon, and saw 3 of its levels.

You collected 136 gold pieces.

Inventory:

Hand weapons
 d - a +0 spear (weapon)
Armour
 a - a +0 robe (worn)
 v - a +0 cloak (worn)
Jewellery
 i - a +2 ring of dexterity (left hand)
 r - a cursed ring of teleportation (right hand)
Scrolls
 f - a scroll of fear {unknown}
 g - 3 scrolls of identify {unknown}
 j - a scroll of blinking {unknown}
 l - a scroll of amnesia {unknown}
 m - a scroll of immolation {unknown}
 p - 2 scrolls of teleportation {unknown}
 s - a scroll of enchant weapon {unknown}
 t - 3 scrolls of remove curse {unknown}
 w - a scroll of fog {unknown}
Potions
 e - 3 potions of curing {unknown}
 k - 3 potions of heal wounds {unknown}
 n - 2 potions of haste {unknown}
 q - a potion of degeneration {unknown}
Books
 b - a book of Necromancy

   Spells                             Type                      Level
   a - Pain                           Necromancy                   1
   b - Animate Skeleton               Necromancy                   1
   c - Vampiric Draining              Necromancy                   3
   d - Regeneration                   Charms/Necromancy            3
   e - Animate Dead                   Necromancy                   4
   f - Control Undead                 Necromancy                   4
Comestibles
 c - 2 bread rations
 h - a slice of pizza
 o - 2 beef jerkies
 u - 4 chunks of flesh


   Skills:
 - Level 1.5(0.7) Dodging
 - Level 2.4(1.5) Stealth
 - Level 2.1(1.3) Spellcasting
 + Level 5.8(4.9) Necromancy


You had 5 spell levels left.
You knew the following spells:

 Your Spells              Type           Power        Failure   Level  Hunger
a - Pain                  Necr           ###.         3%          1    ##.....
b - Animate Skeleton      Necr           N/A          3%          1    ##.....


Dungeon Overview and Level Annotations

Branches:
Dungeon (3/15)

Altars:
Elyvilon

Annotations:
D:3 Robin


Innate Abilities, Weirdness & Mutations

You have extremely sharp teeth.
Your natural rate of healing is unusually fast.
When hurt, damage is shared between your health and your magic reserves.
Your bite disrupts and absorbs the magic of your enemies.
Potions and wands cannot restore your health.
You are immune to rotting.


Message History

Confirm with . or Enter, or press ? or * to list all spells.
Aiming: Pain
Press: ? - help, Shift-Dir - straight line, f/p - Robin
Aim: Robin, wielding a short sword of draining, wearing a runed animal skin and wearing a helmet (severely wounded, chance to defeat MR: 84%) Robin convulses in agony!
Robin hits you with a short sword of draining!
* * * LOW HITPOINT WARNING * * *
You feel drained.
* * * LOW HITPOINT WARNING * * *
Robin says, "Bow before me, strongest of all the hobgoblins!"
Casting: Pain
Confirm with . or Enter, or press ? or * to list all spells.
Aiming: Pain
Press: ? - help, Shift-Dir - straight line, f/p - Robin
Aim: Robin, wielding a short sword of draining, wearing a runed animal skin and wearing a helmet (almost dead, chance to defeat MR: 84%) Robin barely resists.
Robin hits you with a short sword of draining!
* * * LOW HITPOINT WARNING * * *
You feel drained.
You die...

.#..#####.#.##.......#.#.#.#
#..#####.#.##.....).#.#.#.#
.....................#.#.#.#
. #######.#########...).....
#######.#########.##...#.#
.......................#
#######.#########'##...#
........g...#......#.#.#
########.@..#......#.#...
#........#......#.#...#
#........#......#.#...#
#........#......#.#...#
#####....#......#.#...#
#.'....)......#.# ...
###....#....(.#.#.#.#
#....#......#.# ...
#.####......#.# #.


You could see Robin.

Vanquished Creatures
  Terence (D:3)
  An adder (D:2)
  2 orcs (D:3)
  16 goblins
  7 hobgoblins
  A quokka (D:3)
  7 bats
  2 giant cockroaches
  3 giant newts
  6 kobolds
  3 rats
49 creatures vanquished.

Notes
Turn   | Place    | Note
--------------------------------------------------------------
     0 | D:1      | urechis the Vine Stalker Necromancer began the quest for the Orb.
     0 | D:1      | Reached XP level 1. HP: 9/9 MP: 4/4
     2 | D:1      | Learned a level 1 spell: Animate Skeleton
   338 | D:1      | Reached XP level 2. HP: 2/13 MP: 0/6
  1172 | D:2      | Reached XP level 3. HP: 16/16 MP: 5/7
  1253 | D:2      | Reached skill level 5 in Necromancy
  1446 | D:3      | Noticed Terence
  1653 | D:3      | Found a white marble altar of Elyvilon.
  1797 | D:3      | Noticed an ice beast
  1857 | D:3      | Killed Terence
  1857 | D:3      | Reached XP level 4. HP: 10/21 MP: 0/8
  2002 | D:3      | Noticed Robin
  2143 | D:3      | Slain by Robin

Vault maps used:
D:1:      dpeg_arrival_round_b, columned_hall_lemuel
D:3:      lemuel_doored_altar, first_bread, uniq_terence, uniq_robin

Action                   |  1- 3 |  4- 6 || total
-------------------------+-------+-------++-------
Melee: Spear             |    30 |     9 ||    39
 Cast: Pain              |    52 |    24 ||    76
 Stab: Sleeping          |     3 |     2 ||     5
  Eat: Chunk             |     4 |     1 ||     5
